cohdb
Replays
Latest Replays
All Replays
Popular Replays
Top Player Replays
Match Explorer
How It Works
Community
CoH3 Stats
Reddit
Sign in to upload your games and track your stats! →
Sign in with Steam
Match 41900952
Unlisted
Match 41900952
Overview
Messages
Build Orders
End
Pioneer Squad
Kettenkrad Recon Vehicle
Construct Infanterie Kompanie
Selects Terror Battlegroup
Selects Machine Gun Camouflage
MG 42 Machine Gun Team
Grenadier Squad
Grenadier Squad
Selects Contempt for the Weak
Construct Panzergrenadier Kompanie
Panzergrenadier Squad
251 Medium Carrier
Pak 40 Anti-tank Gun Team
MG 42 Machine Gun Team
FestiveLongJohns
Muad'Div
Voodoo408
Madbirmy
Deff Kapp'n
Prince Ali Ababwa
woof_raff
John Finder
0
0
Comments
sign in to comment!
No comments posted yet!